AoeStats
← HT229

Four Lakes

510251130Analyzed
1v1 RM · 21h ago on Sep 30, 2026· 34m 31s· 2 players
Game mode
Random Map
Map size
Tiny (2 player)
Population
200
Speed
Normal
Resources
Standard
Victory
Conquest
Starting age
Dark Age
Ending age
Imperial Age
RankedLock teamsTeams togetherTeam positionsShared explorationLock speedFull tech treeHidden civsTurbo modeCheats
Victory
Defeat
🇻🇳 Persians · Vietnam
1913
+13
🇮🇹 Danes · Italy
1843
-13
SiMpSoN
8:51 Loom
10:48 Feudal Age
14:51 Castle Age
13:29 Double-Bit Axe
19:45 Fletching
22:10 Bodkin Arrow
28:17 Ballistics
29:41 Bow Saw
30:16 Padded Archer Armor
31:24 Thumb Ring
31:41 Leather Archer Armor
32:48 Bloodlines
HT229
9:40 Feudal Age
10:09 Double-Bit Axe
12:12 Loom
14:44 Castle Age
14:14 Scale Barding Armor
14:39 Light Cavalry
16:33 Bow Saw
16:05 Fishing Lines
17:27 Gillnets
18:50 Medium Warships
20:38 Fletching
22:29 Ballistics
23:29 Bodkin Arrow
23:59 Husbandry
25:16 Padded Archer Armor
29:46 Imperial Age
27:54 Leather Archer Armor
28:32 Parthian Tactics
28:40 Thumb Ring
30:36 Ring Archer Armor
32:19 Stone Mining
32:20 Gold Mining
33:18 Heavy Cavalry Archer
Connection lost

Rejoining the realm…

Still unreachable

The connection could not be restored.

Session expired

The server has moved on; the page needs a fresh start.